 Dungeon Crawl Stone Soup version 0.29-a0-563-g64e4043184 (webtiles) character file.

Game seed: 12170782670564866808

366 mrfool the Shooter (level 6, -2/46 HPs)
             Began as a Demonspawn Hunter on June 11, 2022.
             Was a Believer of Makhleb.
             Slain by a gnoll
             ... wielding a +0 halberd
             ... led by a gnoll shaman
              (12 damage)
             ... on level 4 of the Dungeon.
             The game lasted 00:16:07 (3107 turns).

mrfool the Shooter (Demonspawn Hunter)              Turns: 3107, Time: 00:16:07

Health: -2/46      AC:  3    Str: 12    XL:     6   Next: 40%
Magic:  6/6        EV: 12    Int: 10    God:    Makhleb [**....]
Gold:   119        SH:  0    Dex: 18    Spells: 5/5 levels left

rFire   . . .      SeeInvis .   a - +1 shortbow
rCold   . . .      Faith    .   (shield currently unavailable)
rNeg    . . .      Spirit   .   b - +0 leather armour
rPois   .          Reflect  .   (no helmet)
rElec   .          Harm     .   (no cloak)
rCorr   .          Rampage  .   (no gloves)
Will    .....                   (no boots)
Stlth   ++........              e - amulet of the acrobat
HPRegen 0.15/turn               g - +4 ring of slaying
MPRegen 0.20/turn               (no ring)

@: no status effects
A: magic regeneration, weakness stinger 2, demonic touch 1
a: Renounce Religion, Minor Destruction


You were on level 4 of the Dungeon.
You worshipped Makhleb.
Makhleb was pleased with you.
You visited 1 branch of the dungeon, and saw 4 of its levels.

You collected 119 gold pieces.

Inventory:

Hand Weapons
 a - a +1 shortbow (weapon)
 m - a +0 short sword of speed
Armour
 b - a +0 leather armour (worn)
Jewellery
 e - an amulet of the acrobat (around neck)
 g - a +4 ring of slaying (left hand)
 o - a +6 ring of intelligence
Scrolls
 c - a scroll of immolation
 d - 3 scrolls of identify {unknown}
 f - a scroll of blinking {unknown}
 h - 2 scrolls of torment {unknown}
 i - a scroll of noise {unknown}
 j - 2 scrolls of teleportation {unknown}
 k - a scroll of amnesia {unknown}
 p - a scroll of enchant armour {unknown}
Potions
 l - 5 potions of curing {unknown}
 n - 4 potions of lignification {unknown}
 q - a potion of flight {unknown}


   Skills:
 + Level 2.9 Fighting
 + Level 6.4 Bows
 + Level 1.4 Armour
 + Level 2.1 Dodging
 + Level 1.0 Stealth


You had 5 spell levels left.
You didn't know any spells.
Your spell library contained the following spells:

 Spells                   Type           Power      Damage    Failure   Level
 Ozocubu's Armour         Ice            0%         N/A       82%         3
 Blade Hands              Tmut           0%         N/A       100%        5
 Irradiate                Conj/Tmut      0%         3d13      100%        5
 Metabolic Englaciation   Hex/Ice        0%         N/A       100%        5
 Simulacrum               Ice/Necr       0%         N/A       100%        6
 Dragon Form              Tmut           0%         N/A       100%        7


Dungeon Overview and Level Annotations

Branches:
Dungeon (4/15)
 Temple: D:4-7

Altars:
Gozag
Makhleb

Shops:
D:2 [   D:3 **


Innate Abilities, Weirdness & Mutations

You regenerate magic rapidly.
You have a tail ending in a sharp stinger.
Your touch may inflict minor irresistible damage on your foes.


Message History

The ufetubus closely misses you. x2
The gnoll shaman hits you with a +0 whip.
Aiming: Minor Destruction (24% risk of failure)
Press: ? - help, Shift-Dir - straight line, f/p - gnoll shaman
Aim: a gnoll shaman, wielding a +0 whip and wearing a +0 robe (heavily wounded)
You fail to use your ability.
The ufetubus closely misses you. The ufetubus completely misses you.
The gnoll shaman calls upon its god to speed up the gnoll.
The gnoll seems to speed up.
Shoot: a) +1 shortbow
Press: ? - help, Shift-Dir - straight line, f/p - gnoll shaman
Aim: a gnoll shaman, wielding a +0 whip and wearing a +0 robe (heavily wounded, 73% to hit)
You shoot an arrow. The arrow hits the gnoll shaman!
You kill the gnoll shaman!
Makhleb accepts your kill.
You feel better. The ufetubus hits you.
The ufetubus hits you but does no damage.
The gnoll misses you. The ufetubus closely misses you.
The ufetubus hits you but does no damage.
The gnoll hits you with a +0 flail!
Unknown command.
Shoot: a) +1 shortbow
Press: ? - help, Shift-Dir - straight line, f - gnoll
Aim: a gnoll, wielding a +0 flail (73% to hit)
You shoot an arrow. The arrow hits the gnoll!
The gnoll is heavily wounded.
The gnoll hits you from afar with a +0 halberd!
* * * LOW HITPOINT WARNING * * *
The ufetubus hits you.
* * * LOW HITPOINT WARNING * * *
The ufetubus hits you.
* * * LOW HITPOINT WARNING * * *
The gnoll misses you. The gnoll closely misses you.
The ufetubus closely misses you. The ufetubus barely misses you.
Shoot: a) +1 shortbow
Press: ? - help, Shift-Dir - straight line, f/p - gnoll
Aim: a gnoll, wielding a +0 flail (heavily wounded, 73% to hit)
You shoot an arrow. The arrow closely misses the gnoll.
The gnoll hits you from afar with a +0 halberd!
You die...

#<......# #.#
############## #.#
..........# #.#
.........# #.#
#########......####.#
........<...........#
......>........######
#....g...†.#.##
.#..g)@.####.#
......5.....#.#
P........##.#.#
.#....<..# #.#
#.####### #.# # #.#


You could see 2 gnolls and an ufetubus.

Vanquished Creatures
  A kobold brigand (D:3)
  A hound (D:3)
  A gnoll shaman (D:4)
  Jessica (D:2)
  An iguana (D:4)
  8 adders
  A gnoll (D:4)
  A river rat (D:3)
  3 worms
  2 dart slugs
  5 orcs (D:3)
  6 bats
  8 endoplasms
  6 giant cockroaches
  9 goblins
  5 hobgoblins
  A jackal (D:3)
  9 kobolds
  2 quokkas (D:2)
  7 ball pythons
  4 frilled lizards
  6 rats
88 creatures vanquished.

Vanquished Creatures (others)
  3 plants (D:4)
3 creatures vanquished.

Grand Total: 91 creatures vanquished

Notes
Turn   | Place    | Note
-------+----------+-------------------------------------------
     0 | D:1      | mrfool the Demonspawn Hunter began the quest for the Orb.
     0 | D:1      | Reached XP level 1. HP: 16/16 MP: 1/1
    20 | D:1      | You fall into a shaft and drop 1 floor!
    62 | D:2      | Reached skill level 4 in Bows
    62 | D:2      | Discovered your monstrous ancestry.
    62 | D:2      | Gained mutation: You have a small tail. [demonic ancestry]
    62 | D:2      | Reached XP level 2. HP: 22/22 MP: 2/2
    72 | D:2      | Found Poavoz's Armour Shoppe.
    78 | D:2      | Noticed Jessica
    83 | D:2      | Killed Jessica
    84 | D:2      | Gained mutation: Your touch may inflict minor irresistible
                  | damage on your foes. [demonic ancestry]
    84 | D:2      | Reached XP level 3. HP: 27/27 MP: 3/3
   882 | D:2      | Reached XP level 4. HP: 33/33 MP: 4/4
   916 | D:2      | Reached skill level 5 in Bows
  1192 | D:3      | Found an opulent altar of Gozag.
  1196 | D:3      | Found Gozag's Platinum Reserve.
  1255 | D:3      | Found a burning altar of Makhleb.
  1270 | D:3      | Became a worshipper of Makhleb the Destroyer
  1470 | D:3      | Reached skill level 1 in Stealth
  1611 | D:3      | Gained mutation: You regenerate magic rapidly. [demonic
                  | ancestry]
  1611 | D:3      | Reached XP level 5. HP: 32/39 MP: 5/5
  1670 | D:3      | Found Heus's General Store.
  1925 | D:3      | Reached skill level 6 in Bows
  2171 | D:3      | Gained mutation: You have a tail ending in a sharp stinger.
                  | [demonic ancestry]
  2171 | D:3      | Reached XP level 6. HP: 46/46 MP: 6/6
  2386 | D:1      | Reached * piety under Makhleb
  2536 | D:1      | Reached skill level 1 in Armour
  2668 | D:1      | Found a faded altar of an unknown god.
  2777 | D:1      | Reached ** piety under Makhleb
  3107 | D:4      | Slain by a gnoll

Illustrated notes

Levels and vault maps discovered:
D:1:      psy_arrival_basics, layout_basic, nicolae_ecumenical_snake_handling
D:2:      layout_loops_corners, serial_shops, nicolae_shop_waterfront,
          minmay_indecisive_spiral, uniq_jessica
D:3:      layout_basic, nicolae_gozag_zags_fifth_avenue, bloody_makhleb,
          serial_shops, nicolae_shop_crystal, gup_sewer_entry_bowl,
          solitary_fountain, minmay_divided_ellipse
D:4:      layout_basic, nicolae_grassy_gnolls

Skill      XL: |  1  2  3  4  5  6 |
---------------+-------------------+-----
Bows           | 4 5 6 |  6.4
Dodging        | 2 |  2.1
Stealth        | 1 |  1.0
Armour         | 1 |  1.4
Fighting       | |  2.9

Action                   |  1- 3 |  4- 6 || total
-------------------------+-------+-------++-------
 Fire: Shortbow          |    58 |   178 ||   236
Armor: Leather armour    |     4 |    16 ||    20
Dodge: Dodged            |    13 |    50 ||    63

Table legend: (Time is in decaauts)
 A = Elapsed time spent in this place.
 B = Non-inter-level travel time spent in this place.
 C = Inter-level travel time spent in this place.
 D = Time resting spent in this place.
 E = Time spent auto-exploring this place.
 F = Levels seen in this place.
 G = Mean time per level.
                   A        B        C        D        E       F      G
               +--------+--------+--------+--------+--------+-----+--------+
         Total |   3177 |   3147 |     30 |      0 |   2386 |   4 |  794.2 |
       Dungeon |   3177 |   3147 |     30 |      0 |   2386 |   4 |  794.2 |
               +--------+--------+--------+--------+--------+-----+--------+

Top non-repeatable levels by time:
     D:2: 1292 daAuts
     D:3: 1230 daAuts
     D:1: 557 daAuts
     D:4: 98 daAuts
